 Dungeon Sprint DCSS version 0.21.1-1-g345015f (webtiles) character file.

34 Psiloshibe the Carver (level 6, -5/57 HPs)
             Began as a Barachi Berserker on June 10, 2018.
             Was a Priest of Trog.
             Slain by a rust devil (12 damage)
             ... in the Dungeon (Sprint VI: "Thunderdome").
             The game lasted 00:02:43 (330 turns).

Psiloshibe the Carver (Barachi Berserker)            Turns: 330, Time: 00:02:45

Health: -5/57      AC: -29   Str: 20    XL:     6   Next: 14%
Magic:  6/6        EV: 14    Int: 14    God:    Trog [***...]
Gold:   115        SH:  0    Dex: 12    Spells: 5/5 levels left

rFire    . . .     SeeInvis .   a - +0 falchion
rCold    + . .     Gourm    +   (no shield)
rNeg     + + +     Faith    .   b - +0 animal skin
rPois    +         Spirit   .   (no helmet)
rElec    .         Reflect  .   (no cloak)
rCorr    .         Harm     .   (no gloves)
MR       +++..     NoTele   +   (no boots)
Stlth    +++.......             p - amulet "Losu" {Gourm rC+ rN+ MR+}
HPRegen  1.19/turn              o - ring of the Firefly {Int+7 Stlth+}
MPRegen  0.10/turn              n - ring of Jefic {rPois rN++}

@: corroded, can't hop, berserk cooldown, regenerating, slowed, very slow
A: +LOS, swims, slowness 1, strong legs 1
a: Hop, Berserk, Trog's Hand, Burn Spellbooks, Renounce Religion


You were in the Dungeon.
You worshipped Trog.
Trog was most pleased with you.
You were not hungry.

You visited 1 branch You collected 250 gold pieces.
You spent 135 gold pieces at shops.

Inventory:

Hand Weapons
 a - a +0 falchion (weapon)
Armour
 b - a +0 animal skin (worn)
Jewellery
 n - the ring of Jefic (right hand) {rPois rN++}
   (You bought it in a shop in the Dungeon)

   [ring of poison resistance]

   It protects you from poison.
   It greatly protects you from negative energy.
 o - the ring of the Firefly (left hand) {Int+7 Stlth+}
   (You bought it in a shop in the Dungeon)

   [ring of stealth]

   It affects your intelligence (+7).
   It makes you more stealthy.
 p - the amulet "Losu" (around neck) {Gourm rC+ rN+ MR+}
   (You bought it in a shop in the Dungeon)

   [amulet of the gourmand]

   It allows you to eat raw meat even when not hungry.
   It protects you from cold.
   It protects you from negative energy.
   It affects your resistance to hostile enchantments.
Wands
 k - a wand of acid (5)
 l - a wand of iceblast (4)
Scrolls
 i - 4 scrolls of blinking
 m - 3 scrolls of fog
Potions
 d - a potion of curing
 e - 4 potions of heal wounds
 f - 4 potions of haste
 g - 2 potions of magic
 h - a potion of berserk rage
 j - a potion of resistance


   Skills:
 + Level 8.6 Fighting
 + Level 9.2 Long Blades
 * Level 5.1 Throwing
 + Level 4.1 Armour
 + Level 5.0 Dodging
 + Level 1.0 Stealth


You had 5 spell levels left.
You didn't know any spells.

Dungeon Overview and Level Annotations

Branches:
Dungeon (1/1)

Altars:
Cheibriados
Dithmenos
Fedhas
Gozag
Kikubaaqudgha
Makhleb
Okawaru
Qazlal
Ru
Sif Muna
Trog
Uskayaw
Vehumet
Wu Jian
Xom
Yredelemnul
Zin
The Shining One
Beogh
Jiyva
Lugonu

Shops:
D *[%??*?*:[((!!!!


Innate Abilities, Weirdness & Mutations

Shadows flee at your approach. (+LOS)
You can swim through water.
You cover ground slowly.
You can hop short distances.


Message History

The rust devil corrodes you!
Unknown command.
Hop to where?
Press: ? - help, Dir - move target cursor Boing!
An earth elemental comes into view.
Your skin crawls.
You feel resistant to hostile enchantments.
You feel somewhat more hungry.
Evoke which item? (* to show all) (? for menu, Esc to quit)
Aiming: Iceblast
Press: ? - help, Shift-Dir - straight line, f - rust devil
Aim: a rust devil (severely wounded)
The mass of ice explodes!
The iceblast engulfs the rust devil.
The rust devil partially resists.
The rust devil is almost dead.
The iceblast engulfs the rust devil.
The rust devil partially resists.
The rust devil is lightly wounded.
The rust devil hits you!
You die...

#_......._# #_......._#
###.........### #⌠...........§#
######.8...)...).8.######
##∩___......###...)..___∩##
###∩........8.# #.8........∩###
##.............###4............##
#⌠..........###.@4###..........⌠#
#⌠.........%# #.<.# #..........⌠#
#⌠..........###...###..........⌠#
##...........[.###.............##
###∩........8.# #.8[(......∩###
##∩___......###......_._∩##
######.8.........8.######
#⌠...........§# ###.........###


You could see 2 rust devils.

Vanquished Creatures
  2 big kobolds (D)
  2 gnoll shamans (D)
  Ijyb (D)
  3 gnolls (D)
  A hobgoblin (D)
  2 kobolds (D)
11 creatures vanquished.

Notes
Turn   | Place    | Note
-------+----------+-------------------------------------------
     0 | D        | Psiloshibe the Barachi Berserker began the quest for the Orb.
     0 | D        | Reached XP level 1. HP: 18/18 MP: 1/1
     0 | D        | Found an opulent altar of Gozag.
     0 | D        | Found a hide-covered altar of Uskayaw.
     3 | D        | Found a snail-covered altar of Cheibriados.
     3 | D        | Found an ornate altar of the Wu Jian Council.
     4 | D        | Found an iron altar of Okawaru.
     4 | D        | Found a shimmering altar of Xom.
     4 | D        | Found a viscous altar of Jiyva.
     5 | D        | Found a shadowy altar of Dithmenos.
     5 | D        | Found a bloodstained altar of Trog.
     5 | D        | Round 1.
     6 | D        | Found Irucsiupt's Delicious Food.
     6 | D        | Found an ancient bone altar of Kikubaaqudgha.
     6 | D        | Found Lociaquko's Identification Station.
     6 | D        | Found a glowing golden altar of the Shining One.
     7 | D        | Found Fuidima's Jewellery.
     7 | D        | Found Jequihat's Advanced Armour.
     7 | D        | Found a blossoming altar of Fedhas.
     7 | D        | Found a radiant altar of Vehumet.
     7 | D        | Found a deep blue altar of Sif Muna.
    17 | D        | Bought a warped marble ring for 45 gold pieces
    17 | D        | Bought a wavering iron ring for 45 gold pieces
    17 | D        | Bought a crude bronze amulet for 45 gold pieces
    17 | D        | Identified the amulet "Losu" {Gourm rC+ rN+ MR+} (You bought it in a shop in the Dungeon)
    18 | D        | Identified the ring of the Firefly {Int+7 Stlth+} (You bought it in a shop in the Dungeon)
    19 | D        | Identified the ring of Jefic {rPois rN++} (You bought it in a shop in the Dungeon)
    26 | D        | Found Vebossyg's Magic Scroll Shop.
    27 | D        | Found Uskavaeh's Staff Store.
    28 | D        | Found Volaw's Magic Scroll Shop.
    28 | D        | Found Goceett's Must-Have Magic.
    36 | D        | Reached skill level 4 in Long Blades
    36 | D        | Reached skill level 1 in Throwing
    36 | D        | Reached XP level 2. HP: 26/26 MP: 2/2
    39 | D        | Reached skill level 5 in Fighting
    39 | D        | Reached skill level 5 in Long Blades
    40 | D        | Reached ** piety under Trog
    40 | D        | Reached XP level 3. HP: 33/33 MP: 3/3
    47 | D        | Found a burning altar of Makhleb.
    48 | D        | Found a glowing silver altar of Zin.
    49 | D        | Found a stormy altar of Qazlal.
    51 | D        | Found a corrupted altar of Lugonu.
    51 | D        | Found a roughly hewn altar of Beogh.
    56 | D        | Found a sacrificial altar of Ru.
    58 | D        | Found Hajijad's Do-It-Yourself Clinic.
    58 | D        | Found Tifupsoi's Distillery.
    58 | D        | Found a basalt altar of Yredelemnul.
    59 | D        | Found Veucauf's Bottled Wisdom.
    59 | D        | Found Saebbur's Distillery.
    75 | D        | Reached skill level 6 in Long Blades
    75 | D        | Reached XP level 4. HP: 25/40 MP: 4/4
   113 | D        | Noticed a gnoll sergeant
   116 | D        | Arena points: 6 (+6) [x1]
   130 | D        | Round 2.
   130 | D        | Noticed a big kobold
   145 | D        | Killed a big kobold
   145 | D        | Reached skill level 8 in Long Blades
   145 | D        | Reached XP level 5. HP: 33/48 MP: 5/5
   168 | D        | Found Urphoiv's Weapon Rack.
   168 | D        | Found Meerrai's Premium Goods.
   169 | D        | Found Iloete Uhuw's Basic Armour.
   169 | D        | Found Aqaxzeim's Miscellaneous Merchandise.
   236 | D        | Noticed Ijyb
   237 | D        | Noticed a big kobold
   246 | D        | Killed Ijyb
   246 | D        | Reached *** piety under Trog
   253 | D        | Killed a big kobold
   253 | D        | Reached skill level 9 in Long Blades
   253 | D        | Reached skill level 5 in Throwing
   253 | D        | Reached skill level 5 in Dodging
   253 | D        | Reached skill level 1 in Stealth
   253 | D        | Reached XP level 6. HP: 57/57 MP: 6/6
   284 | D        | Arena points: 34 (+28) [x2]
   297 | D        | Round 3.
   303 | D        | Noticed a rust devil
   321 | D        | Noticed a rust devil
   330 | D        | Slain by a rust devil

Skill      XL: |  1  2  3  4  5 |
---------------+----------------+-----
Fighting       | 4 5 6 7 8 |  8.6
Long Blades    | 4 5 6 8 9 |  9.2
Throwing       | 1 2 3 4 5 |  5.1
Armour         | 3 4 |  4.1
Dodging        | 3 4 5 |  5.0
Stealth        | 1 |  1.0

Action                   |  1- 3 |  4- 6 || total
-------------------------+-------+-------++-------
Melee: Falchion          |    15 |    61 ||    76
Invok: Berserk           |     1 |     4 ||     5
       Trog's Hand       |       |     5 ||     5
 Abil: Hop               |       |     1 ||     1
Evoke: Wand              |       |     1 ||     1
  Eat: Chunk             |       |     6 ||     6
       Ration            |       |     1 ||     1
Dodge: Dodged            |     8 |    17 ||    25
       Rpst.: Falchion   |     3 |     1 ||     4
